 Dungeon Crawl Stone Soup version 0.20.0-8-g6b59dc7 (webtiles) character file.

767 Angani the Archer (level 7, -3/60 HPs)
             Began as a Centaur Hunter on May 31, 2017.
             Was an Initiate of Trog.
             Killed by nerve-wracking pain
             ... invoked by Grinder
              (11 damage)
             ... on level 4 of the Dungeon.
             The game lasted 00:09:31 (3980 turns).

Angani the Archer (Centaur Hunter)                  Turns: 3980, Time: 00:09:32

Health: -3/60      AC:  5    Str: 22    XL:     7   Next: 52%
Magic:  7/7        EV: 14    Int: 10    God:    Trog [......]
Gold:   166        SH:  0    Dex: 14    Spells: 6/6 levels left

rFire    . . .     SeeInvis .   i - +1 falchion (venom)
rCold    . . .     Gourm    .   (no shield)
rNeg     . . .     Faith    .   g - +0 ring mail (curse)
rPois    +         Spirit   .   (helmet restricted)
rElec    .         Reflect  .   (no cloak)
rCorr    .         Harm     .   (no gloves)
MR       .....                  (no barding)
Stlth    +.........             (no amulet)
Regen    0.2/turn               (no ring)
MPRegen  0.1/turn               (no ring)

@: mighty, agile, very quick
A: hooves 3, horns 1, deformed body, speed 2, poison resistance, robust 1, tough
skin 3, wild magic 1
a: Burn Spellbooks, Renounce Religion


You were on level 4 of the Dungeon.
You worshipped Trog.
Trog was noncommittal.
You were hungry.

You visited 1 branch of the dungeon, and saw 4 of its levels.

You collected 166 gold pieces.

Inventory:

Hand Weapons
 a - a +1 shortbow
 i - a +1 falchion of venom (weapon)
Missiles
 d - 10 arrows
Armour
 c - a +0 leather armour
 g - a cursed +0 ring mail (worn)
Jewellery
 s - a +4 ring of intelligence {unknown}
 u - a +3 amulet of reflection {unknown}
Scrolls
 e - 5 scrolls of magic mapping {unknown}
 l - 2 scrolls of identify {unknown}
 m - 2 scrolls of teleportation {unknown}
 o - 3 scrolls of recharging {unknown}
 p - 6 scrolls of remove curse {unknown}
 r - a scroll of enchant weapon {unknown}
 w - a scroll of fear {unknown}
Potions
 h - a potion of mutation
 k - a potion of might
 n - a potion of lignification
 q - 3 potions of curing
 t - a potion of flight {unknown}
 z - a potion of magic {unknown}
Comestibles
 b - 4 fruits
 f - 6 bread rations
 v - a royal jelly
 x - a meat ration


   Skills:
 - Level 2.0 Fighting
 + Level 11.9 Bows
 - Level 1.3 Dodging
 - Level 0.4 Stealth


You had 6 spell levels left.
You didn't know any spells.

Dungeon Overview and Level Annotations

Branches:
Dungeon (4/15)
 Temple: D:4-7

Altars:
Ashenzari
Elyvilon
Hepliaklqana
Okawaru
Ru
Trog

Annotations:
D:4 Grinder


Innate Abilities, Weirdness & Mutations

You have hooves in place of feet.
Armour fits poorly on your strangely shaped body.
You cover ground very quickly.
You have extremely tough skin. (AC +3)
You have a pair of small horns on your head.
Your system is resistant to poisons. (rPois)
You are robust. (+10% HP)
Your spells are a little harder to cast, but a little more powerful.


Message History

Pain shoots through your body!
You hit Grinder but do no damage. Your kick misses Grinder.
Your headbutt misses Grinder.
Grinder is lightly wounded.
Grinder hits you.
You writhe in agony.
You barely miss Grinder. You headbutt Grinder.
Grinder is moderately wounded.
Grinder closely misses you. Grinder hits you!
You writhe in agony.
You closely miss Grinder. Your kick misses Grinder.
Grinder is moderately wounded.
Grinder hits you.
* * * LOW HITPOINT WARNING * * *
You writhe in agony.
* * * LOW HITPOINT WARNING * * *
Unknown command.
It was a potion of might.
You feel very mighty all of a sudden. Grinder gestures at you.
Pain shoots through your body!
You die...

#....# # .........#
#....# # .........#
#....####### .........#
#....†...... .........#
#..>...####. .........#
#....#...... .........#
#....######. .........#
###### #....
......5@.###########.##.
#####.###..........##.##.
#.......#...........†.#..
#.......#...........###.#
#.......#...........<##.#
#....)..#..........#....#
#.................<###..#
#........######...####..#
#..........####......#...


You could see Grinder.

Vanquished Creatures
  A phantom (D:4)
  2 ogres (D:4)
  2 scorpions
  2 orc priests (D:4)
  2 orc wizards (D:4)
  Terence (D:3)
  An iguana (D:4)
  2 worker ants (D:4)
  3 gnolls (D:3)
  5 adders
  2 oozes
  2 worms
  4 dart slugs
  5 leopard geckos
  6 orcs
  2 ball pythons (D:4)
  9 bats
  7 giant cockroaches
  10 goblins
  5 hobgoblins
  2 jackals (D:4)
  A ball python skeleton (D:4)
  4 frilled lizards
  9 kobolds
  6 rats
95 creatures vanquished.

Notes
Turn   | Place    | Note
-------+----------+-------------------------------------------
     0 | D:1      | Angani the Centaur Hunter began the quest for the Orb.
     0 | D:1      | Reached XP level 1. HP: 17/17 MP: 1/1
   153 | D:1      | Reached XP level 2. HP: 24/24 MP: 2/2
   180 | D:1      | Reached skill level 6 in Bows
   896 | D:2      | Reached XP level 3. HP: 29/29 MP: 3/3
   987 | D:2      | Found a shattered altar of Ashenzari.
   999 | D:2      | Found a sacrificial altar of Ru.
  1165 | D:2      | Reached skill level 7 in Bows
  1254 | D:2      | Reached XP level 4. HP: 23/36 MP: 4/4
  1421 | D:2      | Found a hazy altar of Hepliaklqana.
  1431 | D:2      | Found a white marble altar of Elyvilon.
  1722 | D:3      | Reached skill level 8 in Bows
  1865 | D:3      | Reached XP level 5. HP: 41/41 MP: 5/5
  1931 | D:3      | Noticed Terence
  1979 | D:3      | Killed Terence
  2164 | D:3      | Reached skill level 9 in Bows
  2249 | D:3      | Found an iron altar of Okawaru.
  2250 | D:3      | Found a bloodstained altar of Trog.
  2736 | D:3      | Noticed an ogre
  3069 | D:4      | Reached XP level 6. HP: 48/48 MP: 6/6
  3160 | D:4      | Reached skill level 10 in Bows
  3276 | D:3      | Became a worshipper of Trog the Wrathful
  3320 | D:4      | Reached XP level 7. HP: 55/55 MP: 7/7
  3326 | D:4      | Reached skill level 11 in Bows
  3378 | D:4      | Gained mutation: Your system is resistant to poisons. (rPois) [potion of mutation]
  3378 | D:4      | Gained mutation: Your spells are a little harder to cast, but a little more powerful. [potion of mutation]
  3378 | D:4      | Gained mutation: You have a pair of small horns on your head. [potion of mutation]
  3378 | D:4      | Gained mutation: You are robust. (+10% HP) [potion of mutation]
  3968 | D:4      | Noticed Grinder
  3973 | D:4      | Paralysed by Grinder for 2 turns
  3980 | D:4      | Killed from afar by Grinder

Skill      XL: |  1  2  3  4  5  6  7 |
---------------+----------------------+-----
Bows           | 6 7 8 9 10 11 | 11.9
Fighting       | |  2.0
Dodging        | |  1.3
Stealth        | |  0.4

Action                   |  1- 3 |  4- 6 |  7- 9 || total
-------------------------+-------+-------+-------++-------
Melee: Short sword       |       |       |    50 ||    50
       Falchion          |       |       |    19 ||    19
       Headbutt          |       |       |     8 ||     8
       Kick              |       |       |     6 ||     6
 Fire: Shortbow          |    92 |   171 |    19 ||   282
  Use: Potion            |       |       |     9 ||     9
  Eat: Chunk             |       |     5 |     1 ||     6
Armor: Leather armour    |     1 |       |       ||     1
       Ring mail         |    15 |    12 |    16 ||    43
       Skin              |       |       |    30 ||    30
Dodge: Dodged            |    16 |    21 |    23 ||    60
       Rpst.: Falchion   |       |       |     4 ||     4
